 Dungeon Crawl Stone Soup version 0.28.0-47-ge53b351184 (webtiles) character file.

Game seed: 7374092211934505848

6407 Bruhh the Frost Mage (level 10, -11/76 HPs)
             Began as a Gnoll Ice Elementalist on Apr 29, 2022.
             Was an Initiate of Ashenzari.
             Mangled by an orc knight
             ... wielding a +0 glaive
              (14 damage)
             ... in a bailey.
             The game lasted 00:32:31 (11179 turns).

Bruhh the Frost Mage (Gnoll Ice Elementalist)      Turns: 11179, Time: 00:32:31

Health: -11/76     AC:  7    Str:  9    XL:     10   Next: 98%
Magic:  16/21      EV: 14    Int: 18    God:    Ashenzari [......]
Gold:   342        SH:  0    Dex: 12    Spells: 10/24 levels left

rFire   . . .      SeeInvis .   q - +4 short sword (elec)
rCold   . . .      Faith    .   (no shield)
rNeg    . . .      Spirit   .   a - +0 robe of the Fated Repose {Elem, Evo} (curse)
rPois   +          Reflect  .   (no helmet)
rElec   .          Harm     .   (no cloak)
rCorr   .          Rampage  .   u - +2 pair of gloves
Will    +....                   z - +0 pair of boots
Stlth   ++........              B - amulet of magic regeneration
HPRegen 0.22/turn               C - ring of willpower
MPRegen 0.57/turn               r - ring of poison resistance

@: very slow
A: fangs 1, strong nose, distributed training
a: Renounce Religion, Shatter the Chains


You were in a bailey.
You worshipped Ashenzari.
Ashenzari was noncommittal.
You visited 2 branches of the dungeon, and saw 10 of its levels.
You also visited: Bailey.

You collected 537 gold pieces.
You spent 195 gold pieces at shops.

Inventory:

Hand Weapons
 f - a +0 short sword
 q - a +4 short sword of electrocution (weapon)
 D - the +4 long sword "Birch" {antimagic, Str-4 Int+8}
   (You bought it in a shop on level 8 of the Dungeon)

   It reduces the magical energy of the wielder, and disrupts the spells and
   magical abilities of those it strikes.
   Natural abilities and divine invocations are not affected.
   Str:       It affects your strength (-4).
   Int:       It affects your intelligence (+8).
Missiles
 E - a curare-tipped dart
 F - 2 throwing nets
Armour
 a - the cursed +0 robe of the Fated Repose (worn) {Elem, Evo}

   It has a curse which improves the following skills: Elements: Fire Magic, Ice
   Magic, Air Magic and Earth Magic.
   Evocations: Evocations.
 l - a +2 ring mail of fire resistance
 u - a +2 pair of gloves (worn)
 z - a +0 pair of boots (worn)
Jewellery
 b - a ring of see invisible
 r - a ring of poison resistance (right hand)
 B - an amulet of magic regeneration (around neck)
 C - a ring of willpower (left hand)
Scrolls
 c - a scroll of fog {unknown}
 d - 3 scrolls of teleportation {unknown}
 e - a scroll of summoning {unknown}
 g - a scroll of enchant weapon {unknown}
 h - 3 scrolls of amnesia {unknown}
 i - 15 scrolls of identify {unknown}
 j - a scroll of silence {unknown}
 k - 3 scrolls of blinking {unknown}
 n - a scroll of brand weapon {unknown}
 p - 2 scrolls of enchant armour {unknown}
 s - 3 scrolls of immolation {unknown}
 w - a scroll of vulnerability {unknown}
 y - a scroll of fear {unknown}
Potions
 m - 3 potions of brilliance {unknown}
 o - a potion of haste {unknown}
 t - 2 potions of resistance {unknown}
 v - 4 potions of curing
 x - 3 potions of ambrosia {unknown}
 A - a potion of degeneration {unknown}


   Skills:
 + Level 5.8 Fighting
 + Level 5.8 Short Blades
 + Level 5.8 Long Blades
 + Level 5.8 Axes
 + Level 5.8 Maces & Flails
 + Level 5.8 Polearms
 + Level 5.8 Staves
 + Level 5.8 Slings
 + Level 5.8 Bows
 + Level 5.8 Crossbows
 + Level 5.8 Throwing
 + Level 5.8 Armour
 + Level 7.4 Dodging
 + Level 7.2 Stealth
 + Level 5.8 Shields
 + Level 5.8 Unarmed Combat
 + Level 7.7 Spellcasting
 + Level 4.7 Conjurations
 + Level 4.7 Hexes
 + Level 4.7 Summonings
 + Level 4.7 Necromancy
 + Level 4.7 Translocations
 + Level 4.7 Transmutations
 + Level 4.7(5.2) Fire Magic
 + Level 8.7(9.1) Ice Magic
 + Level 4.7(5.2) Air Magic
 + Level 4.7(5.2) Earth Magic
 + Level 4.7 Poison Magic
 + Level 6.3 Invocations
 + Level 5.8(6.2) Evocations


You had 10 spell levels left.
You knew the following spells:

 Your Spells              Type           Power      Damage    Failure   Level
a - Freeze                Ice            100%       1d11      1%          1
b - Frozen Ramparts       Ice            78%        1d9       1%          3
c - Ozocubu's Armour      Ice            39%        N/A       1%          3
d - Summon Guardian Gole  Hex/Summ       24%        N/A       4%          3
e - Fulminant Prism       Conj/Hex       12%        3d9       14%         4

Your spell library contained the following spells:

 Spells                   Type           Power      Damage    Failure   Level
 Apportation              Tloc           48%        N/A       1%          1
 Magic Dart               Conj           96%        1d7       1%          1
 Call Imp                 Summ           24%        N/A       2%          2
 Searing Ray              Conj           48%        2d6       2%          2
 Call Canine Familiar     Summ           24%        N/A       4%          3
 Mephitic Cloud           Conj/Pois/Air  24%        N/A       4%          3
 Portal Projectile        Hex/Tloc       48%        N/A       4%          3
 Hailstorm                Conj/Ice       32%        3d8       6%          4
 Leda's Liquefaction      Hex/Erth       12%        N/A       13%         4
 Alistair's Intoxication  Tmut/Pois      16%        N/A       36%         5
 Orb of Destruction       Conj           12%        9d7       100%        7
 Spellforged Servitor     Conj/Summ      12%        N/A       100%        7


Dungeon Overview and Level Annotations

Branches:
Dungeon (9/15)             Temple (1/1) D:7            Lair (0/6) D:8
 Bailey (1/1)
    Orc: D:9-12

Altars:
Ashenzari
Okawaru
Trog
Uskayaw
Xom
Beogh

Shops:
D:3 !   D:5 *   D:8 ((


Innate Abilities, Weirdness & Mutations

You have very sharp teeth.
Your uncanny sense of smell can sniff out nearby items.
Your experience applies equally to all skills.


Message History

Press: ? - help, Dir - move target, f - orc knight
Aim: an orc knight, wielding a +0 glaive and wearing a +0 chain mail (severely wounded, ally target) Attack!
The orc knight hits you from afar with a +0 glaive!!
Your icy armour will break if you move.
Continue?
Your icy armour cracks and falls away as you move.
You enter the shallow water.
Moving in this stuff is going to be slow.
The orc knight hits your guardian golem with a +0 glaive!
Something hits your guardian golem!!
Your guardian golem is engulfed in blazing flames.
What are your orders? t - Bark!
Orders for allies: a - Attack new target. r - Retreat! s - Stop attacking. g - Guard the area. f - Follow me.
Anything else - Cancel.
Retreat in which direction?
Press: ? - help, Dir - move target Fall back!
What are your orders? t - Bark!
Orders for allies: a - Attack new target. r - Retreat! s - Stop attacking. g - Guard the area. f - Follow me.
Anything else - Cancel.
Gang up on whom?
Press: ? - help, Dir - move target, f - orc knight
Aim: an orc knight, wielding a +0 glaive and wearing a +0 chain mail (severely wounded) Attack!
Your guardian golem overheats!
The orc knight closely misses you.
The orc knight hits you from afar with a +0 glaive!!
* * * LOW HITPOINT WARNING * * *
The orc knight closely misses you.
The orc knight hits you from afar with a +0 glaive.
* * * LOW HITPOINT WARNING * * *
The orc knight completely misses you.
The orc knight hits you from afar with a +0 glaive!
You die...

#.≈≈..## ≈≈.§..)≈≈..# ##.
#.≈..## .≈≈≈≈≈≈≈..# ∆ ##
#.≈.## ....§....# ∆∆∆ #
#.≈.#############+###'########
#.≈......)...##.....##........
#.≈≈≈≈≈≈≈)≈≈..##.∩.##..≈≈≈≈≈≈≈
#..........≈≈..## ##..≈≈.....)
##########..≈≈..###..≈≈..#####
##..@≈o9...≈≈..##
##..≈≈≈≈≈≈≈..## ##.........##
###########


You could see an orc knight (ally target) and a friendly guardian golem
(summoned, inner flame).

Vanquished Creatures
  A two-headed ogre (D:9)
  Pikel (D:5)
  A hornet (D:9)
  Grinder (D:4)
  A shadow (D:5)
  3 yaks (D:8)
  Eustachio (D:6)
  Edmund (D:6)
  A water moccasin (D:9)
  An ice beast (D:7)
  A necrophage (D:6)
  A black bear (D:6)
  5 sky beasts
  5 orc warriors
  8 ogres
  A centaur (D:8)
  2 phantoms
  A kobold brigand (D:9)
  3 gnoll sergeants
  2 bullfrogs (D:8)
  2 scorpions (D:5)
  2 water moccasin zombies (D:6)
  A wyvern zombie (D:7)
  A water moccasin skeleton (D:7)
  2 howler monkeys (D:8)
  A centaur zombie (D:5)
  4 hounds
  9 orc priests
  Crazy Yiuf (D:4)
  2 iguanas (D:5)
  3 orc wizards
  A hound skeleton (D:4)
  4 adders
  12 gnolls
  A shadow imp (D:7)
  2 white imps
  An ufetubus (D:6)
  2 worms
  51 orcs
  2 ball pythons
  7 bats
  7 endoplasms
  6 giant cockroaches
  5 goblins
  5 hobgoblins
  4 jackals
  2 quokkas (D:3)
  2 frilled lizards
  A goblin zombie (D:4)
  12 kobolds
  A quokka skeleton (D:4)
  A rat (D:2)
  A rat zombie (D:4)
199 creatures vanquished.

Vanquished Creatures (others)
  3 orc warriors (Bailey)
  4 fulminant prisms (Bailey)
7 creatures vanquished.

Grand Total: 206 creatures vanquished

Notes
Turn   | Place    | Note
-------+----------+-------------------------------------------
     0 | D:1      | Bruhh the Gnoll Ice Elementalist began the quest for the
                  | Orb.
     0 | D:1      | Reached XP level 1. HP: 13/13 MP: 6/6
   207 | D:1      | Reached XP level 2. HP: 15/19 MP: 3/7
   711 | D:1      | Found a faded altar of an unknown god.
  1318 | D:2      | Reached XP level 3. HP: 25/25 MP: 7/9
  1388 | D:2      | Reached skill level 5 in Spellcasting
  1887 | D:3      | Reached skill level 1 in Invocations
  2126 | D:3      | Found Asoll's Distillery.
  2167 | D:3      | Reached skill level 1 in Fighting
  2167 | D:3      | Reached skill level 1 in Short Blades
  2167 | D:3      | Reached skill level 1 in Long Blades
  2167 | D:3      | Reached skill level 1 in Axes
  2167 | D:3      | Reached skill level 1 in Maces & Flails
  2167 | D:3      | Reached skill level 1 in Polearms
  2167 | D:3      | Reached skill level 1 in Staves
  2167 | D:3      | Reached skill level 1 in Slings
  2167 | D:3      | Reached skill level 1 in Bows
  2167 | D:3      | Reached skill level 1 in Crossbows
  2167 | D:3      | Reached skill level 1 in Throwing
  2167 | D:3      | Reached skill level 1 in Armour
  2167 | D:3      | Reached skill level 1 in Shields
  2167 | D:3      | Reached skill level 1 in Unarmed Combat
  2167 | D:3      | Reached skill level 1 in Evocations
  2416 | D:3      | Reached XP level 4. HP: 32/32 MP: 8/11
  2652 | D:3      | Learned a level 3 spell: Frozen Ramparts
  2656 | D:3      | Learned a level 3 spell: Ozocubu's Armour
  2745 | D:4      | Reached skill level 1 in Conjurations
  2745 | D:4      | Reached skill level 1 in Hexes
  2745 | D:4      | Reached skill level 1 in Summonings
  2745 | D:4      | Reached skill level 1 in Necromancy
  2745 | D:4      | Reached skill level 1 in Translocations
  2745 | D:4      | Reached skill level 1 in Transmutations
  2745 | D:4      | Reached skill level 1 in Fire Magic
  2745 | D:4      | Reached skill level 1 in Air Magic
  2745 | D:4      | Reached skill level 1 in Earth Magic
  2745 | D:4      | Reached skill level 1 in Poison Magic
  2763 | D:4      | Reached XP level 5. HP: 10/37 MP: 3/12
  3037 | D:4      | Noticed Grinder
  3037 | D:4      | Paralysed by Grinder for 6 turns
  3055 | D:4      | Killed Grinder
  3056 | D:4      | Reached skill level 5 in Dodging
  3056 | D:4      | Reached XP level 6. HP: 23/44 MP: 8/14
  3878 | D:4      | Reached XP level 7. HP: 50/50 MP: 8/15
  3981 | D:4      | Found a runed translucent door.
  3982 | D:4      | Noticed Crazy Yiuf
  4213 | D:4      | Killed Crazy Yiuf
  4452 | D:5      | Entered Level 5 of the Dungeon
  4524 | D:5      | Reached skill level 5 in Stealth
  4566 | D:5      | Noticed a shadow
  4758 | D:5      | Reached XP level 8. HP: 31/57 MP: 7/16
  5115 | D:5      | Noticed Pikel
  5214 | D:5      | Killed Pikel
  5648 | D:5      | Reached XP level 9. HP: 41/65 MP: 16/18
  6424 | D:5      | Found an iron altar of Okawaru.
  6488 | D:5      | Found Xaryti's General Store.
  6681 | D:6      | Noticed Edmund
  6692 | D:6      | Killed Edmund
  6926 | D:6      | Noticed Eustachio
  6934 | D:6      | Reached skill level 8 in Ice Magic
  6950 | D:6      | Killed Eustachio
  7461 | D:6      | Reached skill level 5 in Invocations
  8200 | D:7      | Reached XP level 10. HP: 45/73 MP: 13/20
  9066 | D:7      | Found a staircase to the Ecumenical Temple.
  9109 | Temple   | Entered the Ecumenical Temple
  9143 | Temple   | Became a worshipper of Ashenzari the Shackled
  9217 | D:8      | Found Rewkest's Antique Weapon Emporium.
  9337 | D:8      | Reached skill level 5 in Fighting
  9337 | D:8      | Reached skill level 5 in Short Blades
  9337 | D:8      | Reached skill level 5 in Long Blades
  9337 | D:8      | Reached skill level 5 in Axes
  9337 | D:8      | Reached skill level 5 in Maces & Flails
  9337 | D:8      | Reached skill level 5 in Polearms
  9337 | D:8      | Reached skill level 5 in Staves
  9337 | D:8      | Reached skill level 5 in Slings
  9337 | D:8      | Reached skill level 5 in Bows
  9337 | D:8      | Reached skill level 5 in Crossbows
  9337 | D:8      | Reached skill level 5 in Throwing
  9337 | D:8      | Reached skill level 5 in Armour
  9337 | D:8      | Reached skill level 5 in Shields
  9337 | D:8      | Reached skill level 5 in Unarmed Combat
  9337 | D:8      | Reached skill level 5 in Evocations
 10175 | D:8      | Found Yham's Antique Weapon Shop.
 10218 | D:8      | Found a staircase to the Lair.
 10232 | D:8      | Bought a faintly glowing long sword for 195 gold pieces
 10232 | D:8      | Identified the +4 long sword "Birch" {antimagic, Str-4
                  | Int+8} (You bought it in a shop on level 8 of the Dungeon)
 10578 | D:9      | Noticed a two-headed ogre
 10593 | D:9      | Killed a two-headed ogre
 10875 | D:9      | Found a flagged portal.
 10903 | Bailey   | Entered a bailey
 10914 | Bailey   | Learned a level 3 spell: Summon Guardian Golem
 10919 | Bailey   | Learned a level 4 spell: Fulminant Prism
 11152 | Bailey   | Noticed an orc knight
 11174 | Bailey   | HP: 2/76 [orc knight/+0 glaive (23)]
 11179 | Bailey   | Mangled by an orc knight

Illustrated notes

Levels and vault maps discovered:
D:1:      lordsloth_arrival_two_stooges, layout_loops_ring,
          chequers_ecumenical_altar_grove
D:2:      layout_rooms
D:3:      layout_basic, serial_shops, nicolae_shop_waterfront
D:4:      layout_loops_corners, enter_ossuary_4, uniq_crazy_yiuf_cottage,
          uniq_grinder
D:5:      layout_basic, okawaru_gym_becter, serial_shops, shop,
          minmay_starry_boxes, uniq_pikel
D:6:      layout_cave_pods, uniq_edmund, uniq_eustachio
D:7:      layout_gridville, minmay_temple_entry_enclosed_plants
D:8:      layout_basic, lair_entry_dummy, special_room [special_room_orc],
          serial_shops, shop, shop_fountains
D:9:      layout_roguey, hellmonk_ghost_happy_afterlife, enter_bailey_2
Temple:   mainiacjoe_temple_archimedes_tessellation
Bailey:   bailey_polearm_1, bailey

Skill      XL: |  1  2  3  4  5  6  7  8  9 10 |
---------------+-------------------------------+-----
Spellcasting   | 5 6 7 |  7.7
Invocations    | 1 2 3 4 5 6 |  6.3
Fighting       | 1 2 3 4 5 |  5.8
Short Blades   | 1 2 3 4 5 |  5.8
Long Blades    | 1 2 3 4 5 |  5.8
Axes           | 1 2 3 4 5 |  5.8
Maces & Flails | 1 2 3 4 5 |  5.8
Polearms       | 1 2 3 4 5 |  5.8
Staves         | 1 2 3 4 5 |  5.8
Slings         | 1 2 3 4 5 |  5.8
Bows           | 1 2 3 4 5 |  5.8
Crossbows      | 1 2 3 4 5 |  5.8
Throwing       | 1 2 3 4 5 |  5.8
Armour         | 1 2 3 4 5 |  5.8
Shields        | 1 2 3 4 5 |  5.8
Unarmed Combat | 1 2 3 4 5 |  5.8
Evocations     | 1 2 3 4 5 |  5.8
Conjurations   | 1 2 3 4 |  4.7
Hexes          | 1 2 3 4 |  4.7
Summonings     | 1 2 3 4 |  4.7
Necromancy     | 1 2 3 4 |  4.7
Translocations | 1 2 3 4 |  4.7
Transmutations | 1 2 3 4 |  4.7
Fire Magic     | 1 2 3 4 |  4.7
Air Magic      | 1 2 3 4 |  4.7
Earth Magic    | 1 2 3 4 |  4.7
Poison Magic   | 1 2 3 4 |  4.7
Dodging        | 5 6 7 |  7.4
Stealth        | 5 6 7 |  7.2
Ice Magic      | 8 |  8.7

Action                   |  1- 3 |  4- 6 |  7- 9 | 10-12 || total
-------------------------+-------+-------+-------+-------++-------
Melee: Unarmed           |     2 |       |       |       ||     2
       Short sword       |    12 |    39 |   138 |   112 ||   301
       Bite              |       |     5 |    18 |    14 ||    37
       Punch             |       |       |     4 |     7 ||    11
 Cast: Freeze            |    65 |     7 |     6 |     6 ||    84
       Frozen Ramparts   |       |     6 |    27 |    24 ||    57
       Ozocubu's Armour  |       |     2 |    21 |    19 ||    42
       Summon Guardian G |       |       |       |     6 ||     6
       Fulminant Prism   |       |       |       |     4 ||     4
Invok: Curse Item        |       |       |       |     1 ||     1
Evoke: Wand              |       |       |     1 |     1 ||     2
  Use: Potion            |       |     2 |       |       ||     2
 Stab: Sleeping          |     1 |     2 |     4 |     1 ||     8
Armor: Robe              |     6 |     6 |    46 |    43 ||   101
Dodge: Dodged            |    50 |    21 |    91 |   101 ||   263
